 Dungeon Crawl Stone Soup version 0.29-a0-330-g52719c12eb (webtiles) character file.

Game seed: 8153695369875289519

105 Aelig the Insei (level 4, -3/31 HPs)
             Began as a Vampire Transmuter on May 12, 2022.
             Slain by a sky beast (6 damage)
             ... on level 3 of the Dungeon.
             The game lasted 00:06:35 (2053 turns).

Aelig the Insei (Vampire Transmuter)                Turns: 2053, Time: 00:06:35

Health: -3/31      AC:  3    Str:  9    XL:     4   Next: 54%
Magic:  2/7        EV: 12    Int: 29    God:
Gold:   135        SH:  0    Dex: 14    Spells: 1/7 levels left

rFire   . . .      SeeInvis +     - Unarmed
rCold   . . .      Faith    .   (no shield)
rNeg    . . .      Spirit   .   a - +0 robe
rPois   .          Reflect  .   (helmet currently unavailable)
rElec   .          Harm     .   j - +0 cloak
rCorr   .          Rampage  .   (no gloves)
Will    .....                   (boots currently unavailable)
Stlth   +.........              (no amulet)
HPRegen 0.30/turn               f - +6 ring of intelligence
MPRegen 0.10/turn               p - +6 ring of intelligence

@: appendages (expiring), wereblooded (expiring), attractive, very slightly
contaminated, healing quickly, hasted, very quick
A: horns 2, talons 2, alive, fangs 3, see invisible, vampiric 2
a: Exsanguinate, End Transformation


You were on level 3 of the Dungeon.
You had temporarily grown beastly horns and talons.
You visited 1 branch of the dungeon, and saw 3 of its levels.

You collected 135 gold pieces.

Inventory:

Missiles
 k - 13 stones (quivered)
Armour
 a - a +0 robe (worn)
 c - a +0 pair of boots (melded)
 j - a +0 cloak (worn)
Jewellery
 f - a +6 ring of intelligence (left hand)
 p - a +6 ring of intelligence (right hand)
Wands
 n - a wand of acid (10)
Scrolls
 g - a scroll of identify {unknown}
 h - a scroll of amnesia {unknown}
 l - a scroll of magic mapping {unknown}
 m - a scroll of holy word {unknown}
 o - a scroll of immolation {unknown}
 r - a scroll of enchant weapon {unknown}
Potions
 b - a potion of lignification
 d - 2 potions of attraction
 e - a potion of brilliance {unknown}
 i - 2 potions of haste
 q - a potion of heal wounds {unknown}


   Skills:
 - Level 0.8 Fighting
 - Level 2.1 Dodging
 * Level 5.2 Unarmed Combat
 - Level 2.0 Spellcasting
 + Level 3.4 Transmutations


You had one spell level left.
You knew the following spells:

 Your Spells              Type           Power      Damage    Failure   Level
a - Beastly Appendage     Tmut           46%        N/A       1%          1
b - Wereblood             Tmut           23%        N/A       3%          2
c - Spider Form           Tmut/Pois      12%        N/A       13%         3

Your spell library contained the following spells:

 Spells                   Type           Power      Damage    Failure   Level
 Ice Form                 Ice/Tmut       12%        N/A       38%         4


Dungeon Overview and Level Annotations

Branches:
Dungeon (3/15)

Altars:
Cheibriados

Annotations:
D:2 Sigmund


Innate Abilities, Weirdness & Mutations

You have temporarily grown beastly horns and talons.
Your natural rate of healing is accelerated.
You have razor-sharp teeth.
You have supernaturally acute eyesight. (SInv)
You are afflicted with vampirism and can become a bat while bloodless.


Message History

The endoplasm quivers.
You howl as the wereblood boils in your veins!
The endoplasm hits you but does no damage.
A sky beast comes into view.
You hit the endoplasm but do no damage.
Your transformation is almost over.
The sky beast flickers out of sight for a moment.
The endoplasm hits you but does no damage.
You hit the endoplasm.
You claw the endoplasm, but do no damage.
You headbutt the endoplasm.
You kill the endoplasm!
Casting: Wereblood (safe; 3% risk of failure)
Confirm with . or Enter, or press ? or * to list all spells.
The spell is quite dangerous to miscast (13% risk of failure)!
Continue anyway?
You miscast Spider Form.
You are very lightly contaminated with residual magic.
You feel incredibly sick.
You are poisoned.
You feel sick.
You barely miss the sky beast. Your kick misses the sky beast.
You feel sick.
You hit the sky beast but do no damage. You claw the sky beast!
The sky beast is moderately wounded.
You feel sick. The sky beast hits you. The sky beast shocks you.
You feel sick.
It was a potion of attraction.
You feel attractive to monsters.
You howl as the wereblood boils in your veins!
You feel sick.
You are no longer poisoned.
The sky beast hits you.
* * * LOW HITPOINT WARNING * * *
The sky beast shocks you.
* * * LOW HITPOINT WARNING * * *
It was a potion of haste.
You feel yourself speed up.
Your primal bloodlust is almost over.
The sky beast hits you.
* * * LOW HITPOINT WARNING * * *
The sky beast shocks you.
You die...

#.# #..### #.#
#....# #.###....##
#.....#...#
#####.....#
##.#..#
########.#>.#
.........#..#
##########.@####.#
#........Y....#
#.>.....#####....
#.......# .
........#
........#
./.......
........#


You could see a sky beast (invisible).

Vanquished Creatures
  Ijyb (D:2)
  An adder (D:2)
  A dart slug (D:3)
  2 orcs (D:3)
  4 ball pythons
  3 bats (D:1)
  7 endoplasms
  2 giant cockroaches
  12 goblins
  2 hobgoblins (D:1)
  4 jackals
  A quokka (D:3)
  3 frilled lizards
  11 kobolds
  4 rats
58 creatures vanquished.

Notes
Turn   | Place    | Note
-------+----------+-------------------------------------------
     0 | D:1      | Aelig the Vampire Transmuter began the quest for the Orb.
     0 | D:1      | Reached XP level 1. HP: 14/14 MP: 3/3
   129 | D:1      | Reached XP level 2. HP: 9/20 MP: 3/5
   172 | D:1      | Learned a level 2 spell: Wereblood
   274 | D:1      | Reached skill level 4 in Unarmed Combat
   642 | D:1      | Found a faded altar of an unknown god.
   950 | D:2      | Gained mutation: You are afflicted with vampirism and can
                  | become a bat while bloodless. [Vampire growth]
   950 | D:2      | Reached XP level 3. HP: 25/25 MP: 2/6
  1131 | D:2      | Learned a level 3 spell: Spider Form
  1383 | D:2      | Found a snail-covered altar of Cheibriados.
  1383 | D:2      | Noticed Ijyb
  1399 | D:2      | Killed Ijyb
  1400 | D:2      | Reached XP level 4. HP: 31/31 MP: 4/7
  1402 | D:2      | Reached skill level 5 in Unarmed Combat
  1534 | D:2      | Noticed Sigmund
  2045 | D:3      | Noticed a sky beast
  2053 | D:3      | Slain by a sky beast

Illustrated notes

Levels and vault maps discovered:
D:1:      psy_arrival_heroes, layout_basic, basic_ecumenical_altar
D:2:      kennysheep_the_goblin_king, layout_basic, basic_altar, st_stairs_3,
          uniq_sigmund
D:3:      layout_loops_ring, serial_aquarium, aquarium_bridge_straight
          [aquarium_subvault_bridge, aquarium_subvault_window,
          aquarium_subvault_bridge, aquarium_subvault_wall],
          aquarium_bridge_square [aquarium_subvault_window,
          aquarium_subvault_bridge, aquarium_subvault_bridge,
          aquarium_subvault_wall], aquarium_window_2, aquarium_window_1,
          aquarium_window_2, aquarium_view_2f, aquarium_pool_2, uniq_terence

Skill      XL: |  1  2  3  4 |
---------------+-------------+-----
Unarmed Combat | 4 5 |  5.2
Transmutations | 3 |  3.4
Fighting       | |  0.8
Dodging        | |  2.1
Spellcasting   | |  2.0

Action                   |  1- 3 |  4- 6 || total
-------------------------+-------+-------++-------
Melee: Unarmed           |    96 |    32 ||   128
       Kick              |    20 |    10 ||    30
       Headbutt          |     6 |     2 ||     8
       Bite              |     4 |     3 ||     7
 Cast: Beastly Appendage |    18 |     6 ||    24
       Wereblood         |     6 |     2 ||     8
  Use: Potion            |       |     2 ||     2
 Stab: Sleeping          |     1 |       ||     1
Armor: Robe              |    17 |     3 ||    20
Dodge: Dodged            |    40 |     8 ||    48

Table legend: (Time is in decaauts)
 A = Elapsed time spent in this place.
 B = Non-inter-level travel time spent in this place.
 C = Inter-level travel time spent in this place.
 D = Time resting spent in this place.
 E = Time spent auto-exploring this place.
 F = Levels seen in this place.
 G = Mean time per level.
                   A        B        C        D        E       F      G
               +--------+--------+--------+--------+--------+-----+--------+
         Total |   2040 |   1986 |     54 |    100 |   1195 |   3 |  680.0 |
       Dungeon |   2040 |   1986 |     54 |    100 |   1195 |   3 |  680.0 |
               +--------+--------+--------+--------+--------+-----+--------+

Top non-repeatable levels by time:
     D:2: 913 daAuts
     D:1: 873 daAuts
     D:3: 254 daAuts
